AoeStats
← carcaage

Black Forest

509660853Analyzed
4v4 RM · 6d ago on Sep 27, 2026· 63m 9s· 8 players
Game mode
Random Map
Map size
Large (8 player)
Population
200
Speed
Normal
Resources
Standard
Victory
Conquest
Starting age
Dark Age
Ending age
Imperial Age
RankedLock teamsTeams togetherTeam positionsShared explorationLock speedFull tech treeHidden civsTurbo modeCheats
Victory
Defeat
🇦🇷 Saracens · Argentina
1121
+14
🇫🇷 Bohemians · France
1091
+16
🇺🇸 Hindustanis · United States
1089
+16
🇵🇪 Teutons · Peru
1016
+19
🇹🇼 Mongols · Taiwan
1105
-17
🇨🇳 Britons · China
1091
-17
🇹🇼 Persians · Taiwan
1073
-16
🇹🇼 Maya · Taiwan
1055
-15
jameskobecp6
13:47 Feudal Age
14:24 Double-Bit Axe
17:33 Horse Collar
21:07 Castle Age
20:39 Stone Mining
22:58 Bow Saw
22:51 Heavy Plow
23:41 Gold Mining
27:25 Gold Shaft Mining
31:37 Imperial Age
30:00 Fletching
30:11 Padded Archer Armor
31:05 Bodkin Arrow
32:04 Nomads
32:49 Leather Archer Armor
33:07 Conscription
33:40 Bracer
37:53 Onager
40:23 Wheelbarrow
39:14 Elite Mangudai
47:32 Elite Mangudai
49:44 Siege Onager
1301015563
2:39 Loom
12:05 Feudal Age
小胖胖
0:31 Loom
12:31 Feudal Age
13:12 Feudal Age
14:56 Fishing Lines
18:21 Castle Age
17:17 Horse Collar
17:25 Double-Bit Axe
19:53 Wheelbarrow
19:48 Bow Saw
20:45 Gillnets
secret_marker
0:44 Loom
13:10 Feudal Age
14:37 Wheelbarrow
14:12 Double-Bit Axe
19:57 Castle Age
20:38 Hand Cart
28:19 Horse Collar
29:39 Scale Barding Armor
29:48 Forging
29:26 Light Cavalry
30:17 Bloodlines
30:08 Husbandry
34:27 Imperial Age
35:09 Iron Casting
34:15 Hussar
35:06 Bloodlines
35:21 Chain Barding Armor
42:01 Masonry
43:13 Architecture
茶道
8:47 Loom
10:33 Feudal Age
12:02 Town Watch
14:45 Castle Age
15:57 Double-Bit Axe
16:30 Gold Mining
18:43 Bow Saw
18:16 Horse Collar
18:44 Stone Mining
21:15 Heavy Plow
25:11 Imperial Age
23:16 Fletching
25:21 Wheelbarrow
27:17 Hand Cart
27:31 Ballistics
26:38 Light Cavalry
32:25 Chemistry
32:39 Two-Man Saw
32:45 Hand Cart
32:47 Bodkin Arrow
34:20 Thumb Ring
35:02 Conscription
35:22 Bracer
35:37 Masonry
35:23 Murder Holes
35:42 Masonry
36:13 Shatagni
36:30 Grand Trunk Road
36:01 Elite Skirmisher
37:51 Hoardings
39:08 Padded Archer Armor
39:09 Town Patrol
40:05 Elite Ghulam
41:05 Scale Mail Armor
41:22 Leather Archer Armor
41:50 Gold Shaft Mining
42:13 Hussar
43:03 Bloodlines
43:01 Husbandry
44:15 Heavy Camel Rider
45:37 Ring Archer Armor
45:13 Scale Barding Armor
45:25 Chain Mail Armor
47:12 Stone Shaft Mining
48:13 Chain Barding Armor
48:04 Forging
50:09 Imperial Camel Rider
51:50 Siege Elephant
54:40 Plate Barding Armor
54:40 Iron Casting
55:52 Squires
55:37 Arson
57:46 Spies/Treason
Opresor
12:07 Feudal Age
13:27 Wheelbarrow
14:29 Town Watch
17:27 Man-at-Arms
19:19 Arson
22:20 Horse Collar
25:27 Double-Bit Axe
27:51 Castle Age
26:33 Stone Mining
32:27 Heavy Plow
33:13 Gold Mining
35:41 Bow Saw
37:18 Forging
37:14 Scale Barding Armor
38:37 Hand Cart
39:12 Fervor
43:29 Imperial Age
44:04 Caravan
44:30 Bloodlines
44:37 Fortified Wall
44:50 Ballistics
47:07 Chemistry
46:18 Masonry
45:34 Cavalier
48:09 Town Patrol
49:07 Stone Shaft Mining
49:32 Guilds
49:28 Paladin
53:06 Iron Casting
55:27 Two-Man Saw
55:56 Conscription
56:00 Ironclad
57:03 Blast Furnace
56:24 Chain Barding Armor
56:40 Capped Ram
59:29 Plate Barding Armor
59:27 Crop Rotation
59:29 Coinage
59:21 Sanctity
59:25 Redemption
59:15 Atonement
59:41 Illumination
60:19 Crenellations
carcaage
2:46 Loom
11:31 Feudal Age
12:50 Gold Mining
14:48 Horse Collar
20:59 Castle Age
19:42 Double-Bit Axe
19:52 Stone Mining
22:45 Squires
24:41 Wheelbarrow
24:48 Forging
24:12 Pikeman
25:03 Scale Mail Armor
26:00 Bow Saw
27:32 Iron Casting
28:16 Gold Shaft Mining
31:07 Bloodlines
31:04 Scale Barding Armor
37:58 Hand Cart
38:37 Padded Archer Armor
38:28 Fletching
42:06 Imperial Age
40:00 Ballistics
39:12 Elite Skirmisher
40:29 Bodkin Arrow
41:07 Thumb Ring
42:49 Bracer
43:55 Chemistry
44:14 Two-Man Saw
43:54 Conscription
44:16 Leather Archer Armor
44:09 Elite Mameluke
44:56 Husbandry
45:31 Chain Barding Armor
45:59 Ring Archer Armor
47:39 Capped Ram
50:42 Blast Furnace
50:18 Plate Barding Armor
54:45 Siege Ram
57:13 Counterweights
57:05 Heavy Plow
57:24 Chain Mail Armor
56:32 Crossbowman
57:31 Masonry
57:29 Siege Engineers
57:20 Murder Holes
57:36 Fortified Wall
57:16 Guard Tower
57:12 Arrowslits
57:33 Siphons
57:38 Clinker Construction
57:18 Town Watch
57:04 Light Cavalry
62:26 Spies/Treason
ravi0licru
0:28 Loom
14:00 Feudal Age
15:16 Double-Bit Axe
15:13 Horse Collar
18:01 Castle Age
22:10 Imperial Age
21:02 Chemistry
20:20 Bow Saw
21:16 Town Watch
22:11 Wheelbarrow
23:03 Fervor
26:27 Hand Cart
27:38 Heavy Plow
35:58 Town Patrol
36:12 Scale Mail Armor
36:23 Forging
36:20 Pikeman
38:31 Two-Man Saw
37:10 Halberdier
38:46 Chain Mail Armor
39:06 Iron Casting
39:37 Houfnice
40:21 Squires
40:53 Plate Mail Armor
41:20 Ballistics
40:56 Murder Holes
41:12 Masonry
42:42 Blast Furnace
43:09 Siege Engineers
44:00 Conscription
45:14 Architecture
45:06 Bombard Tower
45:11 Arson
57:32 Fletching
57:43 Padded Archer Armor
58:20 Spies/Treason
Connection lost

Rejoining the realm…

Still unreachable

The connection could not be restored.

Session expired

The server has moved on; the page needs a fresh start.